Map: Catalyst LE

Players

LightAscent

  • Race: Zerg Zerg
  • League: Diamond
  • Spawn Location: 5:00

Hobbselite - Winner!

  • Race: Protoss Protoss
  • League: Diamond
  • Spawn Location: 11:00

VOD

Have the link to the VOD?

Description

Time

  • Played on: March 7, 2018, 3:19 a.m.
  • Length: 16:02
Show
View Real Time Build Order
Export as new Build Order

LightAscent Zerg 

Build Orders: 3 Hatch before Pool, Lurkers 

Get SALT Encoding   

  12  0:01  Drone  
  13  0:08  Drone  
  14  0:17  Overlord  
  14  0:27  Extractor  
  13  0:29  Extractor, Drone x2  
  16  0:36  Drone  
  17  0:57  Hatchery  
  17  0:58  Drone  
  17  1:01  Drone  
  18  1:13  Drone  
  19  1:27  Hatchery  
  18  1:40  Spawning Pool  
  18  1:41  Drone  
  18  1:44  Drone  
  19  1:48  Drone  
  20  1:55  Drone  
  21  2:03  Drone  
  22  2:27  Zergling x8, Hatchery  
  25  2:32  Zergling x2  
  26  2:39  Zergling x4  
  26  2:42  Zergling x2  
  29  2:52  Spore Crawler  
  29  2:53  Zergling x6  
  31  2:58  Spore Crawler  
  31  3:01  Zergling x4  
  31  3:13  Zergling x2  
  31  3:14  Zergling x2  
  33  3:21  Zergling x2  
  33  3:25  Overlord  
  33  3:33  Zergling x2  
  33  3:40  Spine Crawler, Spore Crawler  
  33  3:41  Queen  
  31  3:42  Drone  
  32  3:54  Zergling x8  
  32  3:55  Zergling x2  
  36  3:57  Zergling x2  
  36  4:01  Zergling x2  
  37  4:04  Zergling x2  
  37  4:11  Drone  
  37  4:14  Spine Crawler  
  33  4:29  Zergling x2, Spine Crawler  
  33  4:30  Zergling x4  
  32  4:31  Zergling x2  
  32  4:37  Zergling x4  
  32  4:40  Zergling x2  
  31  4:49  Queen  
  29  4:55  Zergling x2  
  29  4:56  Zergling x2  
  29  4:59  Zergling x2  
  29  5:01  Zergling x2  
  29  5:05  Zergling x2  
  30  5:07  Zergling x2  
  30  5:11  Zergling x2  
  32  5:24  Zergling x8  
  34  5:34  Zergling x8  
  37  5:44  Drone x2  
  37  5:45  Drone  
  36  5:50  Drone  
  36  5:51  Drone  
  35  5:59  Drone  
  35  6:00  Drone x2  
  35  6:02  Drone  
  37  6:05  Drone  
  37  6:10  Drone  
  37  6:18  Drone x3  
  34  6:29  Extractor, Drone x3  
  34  6:30  Extractor, Drone  
  33  6:33  Drone  
  34  6:41  Drone  
  34  6:42  Drone x2  
  34  6:46  Queen  
  39  6:56  Overlord  
  39  7:10  Overlord x3  
  39  7:13  Metabolic Boost  
  39  7:17  Extractor  
  39  7:18  Extractor  
  37  7:31  Drone x9  
  37  7:36  Queen  
  48  7:37  Queen  
  48  7:39  Spore Crawler  
  48  7:42  Spore Crawler  
  48  7:48  Spore Crawler  
  48  7:50  Lair  
  47  8:06  Spore Crawler  
  47  8:07  Spore Crawler  
  45  8:13  Zergling x4  
  45  8:14  Zergling x8  
  51  8:21  Spore Crawler  
  46  8:31  Zergling x12  
  52  8:50  Queen  
  52  8:54  Hydralisk Den  
  43  9:16  Zergling x2  
  43  9:17  Zergling x14  
  50  9:22  Baneling Nest  
  49  9:25  Queen, Spore Crawler x2  
  49  9:26  Grooved Spines  
  49  9:27  Spore Crawler  
  44  9:40  Hydralisk x3  
  50  10:06  Baneling x3  
  50  10:07  Baneling x14  
  50  10:24  Queen  
  33  10:51  Hydralisk x5  
  41  11:01  Drone  
  42  11:14  Hatchery  
  41  11:22  Muscular Augments  
  41  11:25  Queen  
  43  11:34  Drone x3  
  43  11:37  Drone  
  47  11:40  Drone  
  47  11:46  Drone x2  
  50  11:49  Drone  
  51  11:56  Lurker Den  
  50  12:02  Zergling x2  
  51  12:13  Overlord x2  
  51  12:24  Overlord x2  
  51  12:29  Evolution Chamber  
  50  12:40  Hydralisk x5  
  50  12:44  Hydralisk  
  61  13:22  Lurker x4  
  61  13:23  Lurker x6  
  61  13:26  Zergling x16  
  77  13:27  Zergling x2  
  55  14:02  Hydralisk  
  37  14:03  Hydralisk x7  
Show
View Real Time Build Order
Export as new Build Order

Hobbselite Protoss - Winner!

Build Orders: 1 Gate Expand 

Get SALT Encoding   

  12  0:00  Probe  
  13  0:12  Probe  
  14  0:20  Pylon  
  14  0:25  Probe  
  15  0:38  Probe  
  15  0:40  Gateway  
  16  0:50  Assimilator, Probe (Chrono Boost)  
  17  1:02  Probe (Chrono Boost)  
  18  1:07  Probe (Chrono Boost)  
  19  1:17  Probe  
  20  1:32  Nexus  
  20  1:36  Probe  
  21  1:59  Assimilator, Cybernetics Core  
  21  2:07  Pylon  
  21  2:10  Probe  
  22  2:22  Probe  
  23  2:34  Adept (Chrono Boost), Probe  
  23  2:35  Stargate  
  26  2:46  Probe (Chrono Boost)  
  28  2:53  Adept  
  28  2:56  Probe x2 (Chrono Boost)  
  31  3:06  Forge  
  31  3:07  Shield Battery  
  31  3:11  Shield Battery  
  31  3:18  Shield Battery  
  29  3:21  Shield Battery  
  29  3:31  Pylon  
  29  3:32  Shield Battery  
  29  3:41  Photon Cannon  
  29  3:55  Shield Battery  
  29  4:03  Shield Battery  
  29  4:04  Shield Battery  
  29  4:12  Void Ray (Chrono Boost)  
  33  4:28  Cybernetics Core  
  33  4:30  Pylon  
  33  4:43  Pylon  
  33  4:46  Pylon  
  33  4:58  Void Ray (Chrono Boost)  
  37  5:09  Warp Gate  
  37  5:14  Pylon  
  35  5:27  Pylon  
  35  5:31  Pylon  
  35  5:35  Pylon  
  35  5:50  Pylon  
  35  5:52  Pylon  
  35  5:59  Void Ray (Chrono Boost)  
  39  6:10  Forge  
  39  6:13  Shield Battery  
  39  6:24  Shield Battery  
  39  6:25  Shield Battery  
  39  6:34  Void Ray (Chrono Boost)  
  43  6:52  Photon Cannon  
  43  7:04  Gateway  
  43  7:06  Gateway  
  43  7:08  Gateway  
  43  7:17  Oracle (Chrono Boost)  
  46  7:44  Void Ray (Chrono Boost)  
  50  8:11  Zealot x2  
  54  8:13  Probe x2  
  56  8:25  Probe  
  54  8:56  Zealot x2  
  50  9:27  Void Ray (Chrono Boost)  
  50  9:31  Probe  
  55  9:32  Stalker x2  
  55  9:33  Zealot  
  61  9:46  Twilight Council  
  61  9:48  Gateway  
  61  10:10  Zealot x2  
  61  10:11  Zealot  
  67  10:16  Probe x2  
  67  10:17  Assimilator, Protoss Ground Weapons Level 1 (Chrono Boost)  
  67  10:19  Assimilator  
  69  10:23  Robotics Facility  
  69  10:26  Gateway  
  69  10:30  Pylon  
  69  10:34  Pylon  
  45  10:50  Charge (Chrono Boost)  
  45  10:53  Zealot x3  
  51  10:59  Oracle (Chrono Boost)  
  54  11:13  Observer (Chrono Boost)  
  55  11:19  Gateway  
  55  11:20  Gateway  
  55  11:24  Gateway  
  55  11:29  Probe  
  55  11:30  Probe  
  57  11:56  Warp Prism  
  57  11:59  Zealot x3  
  65  12:23  Sentry x4  
  65  12:24  Sentry x4  
  81  12:54  Zealot  
  83  13:07  Zealot x4  
  83  13:08  Zealot x3  
  97  13:32  Zealot x2  
  101  13:37  Pylon  
  101  13:39  Pylon  
  101  13:41  Pylon  
  101  13:51  Nexus  
  101  13:55  Zealot x5  
  87  14:16  Zealot x3  
  87  14:17  Zealot  
  87  14:18  Sentry x2  
  87  15:24  Zealot x4  
  87  15:25  Zealot x4  
Tags
 
Add a new tag
Caveats
  • Supply blocks, unpowered buildings, or Contaminate may cause inaccurate times.
  • Supply counts are checked every 10 seconds.